 Dungeon Crawl Stone Soup version 0.20.1-1-g8b1a95d (webtiles) character file.

2171 pstr the Conjurer (level 9, -5/47 HPs)
             Began as a Kobold Conjurer on Nov 26, 2017.
             Was an Initiate of Vehumet.
             Slain by Regeox's ghost (19 damage)
             ... on level 7 of the Dungeon.
             The game lasted 00:21:22 (9537 turns).

pstr the Conjurer (Kobold Conjurer)                 Turns: 9537, Time: 00:21:23

Health: -5/47      AC:  9    Str:  5    XL:     9   Next: 58%
Magic:  13/20      EV: 13    Int: 19    God:    Vehumet [......]
Gold:   216        SH:  0    Dex: 16    Spells: 19/23 levels left

rFire    . . .     SeeInvis .   h - +1 quarterstaff
rCold    . . .     Gourm    .   (shield currently unavailable)
rNeg     . . .     Faith    .   s - +0 ring mail
rPois    .         Spirit   .   (no helmet)
rElec    .         Reflect  .   (no cloak)
rCorr    .         Harm     .   o - +1 pair of gloves
MR       .....                  (no boots)
Stlth    +++.......             (no amulet)
Regen    0.2/turn               (no ring)
MPRegen  0.2/turn               (no ring)

@: slowed, very slow
A: thin metallic scales 1, carnivore 3, mutation resistance 1
a: Renounce Religion


You were on level 7 of the Dungeon.
You worshipped Vehumet.
Vehumet was noncommittal.
You were very full.

You visited 2 branches of the dungeon, and saw 8 of its levels.

You collected 216 gold pieces.

Inventory:

Hand Weapons
 h - a +1 quarterstaff (weapon)
Missiles
 d - 260 stones (quivered)
 i - 57 arrows
Armour
 a - a +0 robe
 o - a +1 pair of gloves (worn)
 q - a +0 leather armour
 s - a +0 ring mail (worn)
Wands
 e - a wand of lightning (1/15)
 m - a wand of confusion (29/48)
 x - a wand of lightning (11/15)
Scrolls
 f - 6 scrolls of identify
 j - a scroll of random uselessness
 k - a scroll of remove curse
 n - a scroll of immolation {unknown}
 p - a scroll of enchant weapon
 t - a scroll of torment {unknown}
 v - 2 scrolls of teleportation
 y - a scroll of blinking {unknown}
Potions
 g - a potion of agility
 u - a potion of berserk rage {unknown}
 z - a potion of haste
 C - a potion of cancellation
 D - a potion of might {unknown}
Books
 b - a book of Conjurations

   Spells                             Type                      Level
   a - Magic Dart                     Conjuration                  1
   b - Searing Ray                    Conjuration                  2
   c - Dazzling Spray                 Conjuration/Hexes            3
   d - Fulminant Prism                Conjuration/Hexes            4
   e - Force Lance                    Conjuration/Translocation    4
   f - Iskenderun's Mystic Blast      Conjuration                  4
 r - a book of Battle

   Spells                             Type                      Level
   a - Infusion                       Charms                       1
   b - Shroud of Golubria             Charms/Translocation         2
   c - Song of Slaying                Charms                       2
   d - Spectral Weapon                Hexes/Charms                 3
   e - Regeneration                   Charms/Necromancy            3
 w - a book of Necromancy

   Spells                             Type                      Level
   a - Pain                           Necromancy                   1
   b - Animate Skeleton               Necromancy                   1
   c - Vampiric Draining              Necromancy                   3
   d - Regeneration                   Charms/Necromancy            3
   e - Animate Dead                   Necromancy                   4
   f - Control Undead                 Necromancy                   4
Comestibles
 c - 2 meat rations
 l - a royal jelly


   Skills:
 + Level 1.5 Fighting
 + Level 3.3 Armour
 + Level 5.2 Dodging
 + Level 5.6 Stealth
 + Level 7.5 Spellcasting
 + Level 7.7 Conjurations


You had 19 spell levels left.
You knew the following spells:

 Your Spells              Type           Power        Failure   Level  Hunger
a - Magic Dart            Conj           ####         1%          1    None
b - Searing Ray           Conj           #####.       2%          2    None
c - Animate Skeleton      Necr           N/A          38%         1    None


Dungeon Overview and Level Annotations

Branches:
Dungeon (7/15)             Temple (1/1) D:4

Altars:
Ashenzari
Dithmenos
Elyvilon
Fedhas
Gozag
Hepliaklqana
Kikubaaqudgha
Makhleb
Nemelex Xobeh
Okawaru
Qazlal
Ru
Sif Muna
Trog
Vehumet
Yredelemnul
The Shining One

Annotations:
D:7 Regeox's ghost, novice DsCK


Innate Abilities, Weirdness & Mutations

You are small and have problems with some larger weapons.
You are carnivorous and can eat meat at any time.
You are partially covered in thin metallic scales. (AC +2)
You are somewhat resistant to further mutation.


Message History

The searing ray hits Regeox's ghost.
Regeox's ghost is lightly damaged.
Regeox's ghost says very slowly, "There's no hope."
The searing ray hits Regeox's ghost.
Regeox's ghost is moderately damaged.
You finish channeling your searing ray.
Regeox's ghost hits you!
You are poisoned.
Casting: Searing Ray
Confirm with . or Enter, or press ? or * to list all spells.
Aiming: Searing Ray
Press: ? - help, Shift-Dir - straight line, f/p - Regeox's ghost
Aim: Regeox's ghost, wielding a weapon of chaos (moderately damaged)
The searing ray hits Regeox's ghost.
Regeox's ghost is moderately damaged. (Press . to maintain the ray.)
You feel sick. Regeox's ghost hits you!!
* * * LOW HITPOINT WARNING * * *
You feel yourself slow down.
You feel better. Regeox's ghost hits you!!
You die...

#...# #...# ....#
...# ...# ##. #..#
..# ##W.# #.+ +.@.#
#.#+#...# ..
#.#.##..#####
....#####
#.#...........
.>.....<#
#.#.##########
....###.###.#.######
....................#
#############.#####.#
###


You could see Regeox's ghost.

Vanquished Creatures
  Pikel (D:5)
  Sigmund (D:3)
  Menkaure (D:6)
  A water moccasin (D:5)
  An ice beast (D:5)
  A sky beast (D:5)
  2 phantoms
  2 ogres (D:6)
  A centaur (D:6)
  A bullfrog (D:6)
  A water moccasin zombie (D:5)
  A howler monkey (D:6)
  3 orc priests (D:3)
  A hound (D:4)
  A bullfrog skeleton (D:6)
  2 orc wizards (D:3)
  4 worker ants
  A hound skeleton (D:4)
  4 adders
  4 gnolls (D:3)
  A howler monkey skeleton (D:4)
  3 shadow imps
  2 oozes (D:3)
  3 worms
  A dart slug (D:1)
  4 leopard geckos
  18 orcs
  2 giant cockroaches
  9 goblins
  13 hobgoblins
  6 jackals
  11 kobolds
  2 quokkas
  A ball python (D:2)
  9 bats
  8 frilled lizards
  A jackal skeleton (D:4)
  A leopard gecko zombie (D:6)
  8 rats
137 creatures vanquished.

Vanquished Creatures (others)
  Ijyb (D:3)
1 creature vanquished.

Grand Total: 138 creatures vanquished

Notes
Turn   | Place    | Note
-------+----------+-------------------------------------------
     0 | D:1      | pstr the Kobold Conjurer began the quest for the Orb.
     0 | D:1      | Reached XP level 1. HP: 10/10 MP: 3/3
   155 | D:1      | Reached XP level 2. HP: 14/15 MP: 0/5
   159 | D:1      | Learned a level 2 spell: Searing Ray
   494 | D:1      | Reached XP level 3. HP: 19/19 MP: 4/6
  1365 | D:2      | Reached XP level 4. HP: 24/24 MP: 5/8
  2020 | D:2      | Found a blossoming altar of Fedhas.
  2026 | D:2      | Reached skill level 5 in Conjurations
  2594 | D:3      | Reached XP level 5. HP: 26/28 MP: 1/10
  3360 | D:3      | Reached XP level 6. HP: 27/32 MP: 8/12
  3771 | D:3      | Noticed Ijyb
  4019 | D:2      | Gained mutation: You have an increased reservoir of magic. (+10% MP) [potion of mutation]
  4019 | D:2      | Gained mutation: You passively map a small area around you. [potion of mutation]
  4020 | D:2      | Lost mutation: You have an increased reservoir of magic. (+10% MP) [potion of mutation]
  4020 | D:2      | Lost mutation: You passively map a small area around you. [potion of mutation]
  4020 | D:2      | Gained mutation: Your spells are a little harder to cast, but a little more powerful. [potion of mutation]
  4020 | D:2      | Gained mutation: You are somewhat resistant to further mutation. [potion of mutation]
  4021 | D:2      | Lost mutation: You are somewhat resistant to further mutation. [potion of mutation]
  4021 | D:2      | Lost mutation: Your spells are a little harder to cast, but a little more powerful. [potion of mutation]
  4021 | D:2      | Gained mutation: Your magical capacity is low. (-10% MP) [potion of mutation]
  4021 | D:2      | Gained mutation: You are partially covered in thin metallic scales. (AC +2) [potion of mutation]
  4021 | D:2      | Lost mutation: Your magical capacity is low. (-10% MP) [potion of mutation]
  4021 | D:2      | Gained mutation: You are somewhat resistant to further mutation. [potion of mutation]
  4040 | D:3      | Killed Ijyb
  4852 | D:3      | Noticed Sigmund
  5012 | D:3      | Reached skill level 5 in Spellcasting
  5015 | D:3      | Killed Sigmund
  5015 | D:3      | Reached XP level 7. HP: 36/36 MP: 2/15
  6058 | D:4      | Found a staircase to the Ecumenical Temple.
  6183 | Temple   | Entered the Ecumenical Temple
  6206 | Temple   | Became a worshipper of Vehumet
  6410 | D:5      | Entered Level 5 of the Dungeon
  6433 | D:5      | Noticed a water moccasin
  6448 | D:5      | Found a burning altar of Makhleb.
  6771 | D:5      | Found a sacrificial altar of Ru.
  6886 | D:5      | Reached XP level 8. HP: 41/41 MP: 8/16
  7098 | D:5      | Reached skill level 1 in Armour
  7344 | D:5      | Noticed Pikel
  7350 | D:5      | Killed Pikel
  7350 | D:5      | Reached skill level 5 in Stealth
  7350 | D:5      | Reached XP level 9. HP: 37/46 MP: 9/19
  7450 | D:5      | Found an ancient bone altar of Kikubaaqudgha.
  7687 | D:5      | Reached skill level 1 in Fighting
  8037 | D:6      | Found a stormy altar of Qazlal.
  8501 | D:6      | Learned a level 1 spell: Animate Skeleton
  8512 | D:6      | Found an iron altar of Okawaru.
  8786 | D:6      | Reached skill level 5 in Dodging
  9096 | D:6      | Noticed Menkaure
  9105 | D:6      | Killed Menkaure
  9529 | D:7      | Noticed Regeox's ghost (novice DsCK)
  9537 | D:7      | Slain by Regeox's ghost

Skill      XL: |  1  2  3  4  5  6  7  8  9 |
---------------+----------------------------+-----
Stealth        | 3 4 5 |  5.6
Spellcasting   | 3 4 5 6 7 |  7.5
Conjurations   | 5 6 7 |  7.7
Dodging        | 3 4 5 |  5.2
Armour         | 2 3 |  3.3
Fighting       | 1 |  1.5

Action                   |  1- 3 |  4- 6 |  7- 9 || total
-------------------------+-------+-------+-------++-------
Melee: Unarmed           |     1 |     1 |       ||     2
 Cast: Magic Dart        |    61 |   107 |    48 ||   216
       Searing Ray       |     2 |    26 |    48 ||    76
  Use: Scroll            |       |     8 |       ||     8
       Potion            |       |     7 |     5 ||    12
  Eat: Chunk             |    10 |    11 |    13 ||    34
Armor: Robe              |     8 |     6 |       ||    14
       Leather armour    |       |     2 |    14 ||    16
       Ring mail         |       |       |     3 ||     3
Dodge: Dodged            |    18 |    52 |    33 ||   103
